 Seeded DCSS version 0.28.0-43-g3370ac3207 (webtiles) character file.

Game seed: 8793257929723579 (custom seed)

14 BIGUP the Ducker (level 2, -1/28 (29) HPs)
             Began as a Troll Fighter on Mar 10, 2022.
             Was an Initiate of Yredelemnul.
             Killed from afar by Ijyb (7 damage)
             ... with a puff of flame
             ... on level 3 of the Dungeon.
             The game lasted 00:03:58 (464 turns).

BIGUP the Ducker (Troll Fighter)                     Turns: 464, Time: 00:04:02

HP:   -1/28 (29)    AC:  4    Str: 23    XL:     2   Next: 27%
MP:   1/1           EV:  8    Int:  4    God:    Yredelemnul [......]
Gold: 27            SH:  7    Dex:  9    Spells: 1/1 levels left

rFire   . . .      SeeInvis .   a - +0 long sword
rCold   . . .      Faith    .   c - +0 kite shield
rNeg    . . .      Spirit   .   b - +0 robe
rPois   .          Reflect  .   (helmet restricted)
rElec   .          Harm     .   (no cloak)
rCorr   .          Rampage  .   (gloves unavailable)
Will    .....                   (boots unavailable)
Stlth   +.........              (no amulet)
HPRegen 0.89/turn               (no ring)
MPRegen 0.07/turn               (no ring)

@: lightly drained
A: large, unfitting armour, claws 3, regeneration 1, shaggy fur 1, tough skin 1
a: Renounce Religion, Recall Undead Harvest


You were on level 3 of the Dungeon.
You worshipped Yredelemnul.
Yredelemnul was noncommittal.
You visited 1 branch of the dungeon, and saw 3 of its levels.

You collected 27 gold pieces.

Inventory:

Hand Weapons
 a - a +0 long sword (weapon)
Armour
 b - a +0 robe (worn)
 c - a +0 kite shield (worn)
 f - a +0 helmet
Scrolls
 e - a scroll of enchant armour {unknown}
 g - a scroll of vulnerability {unknown}
Potions
 d - a potion of might


   Skills:
 + Level 2.5 Fighting
 + Level 1.7 Long Blades
 + Level 2.6 Dodging
 + Level 2.6 Shields


You had one spell level left.
You didn't know any spells.
Your spell library was empty.

Dungeon Overview and Level Annotations

Branches:
Dungeon (3/15)

Altars:
Yredelemnul

Annotations:
D:3 Grinder, Ijyb


Innate Abilities, Weirdness & Mutations

You are too large for most types of armour.
You have claws for hands.
Your natural rate of healing is unusually fast.
You are covered in fur. (AC +1)
You have tough skin. (AC +1)


Message History

You hear the slow rusting of a very distant drain.
Found a scroll labelled DARYAPEOCW.
g - a scroll labelled DARYAPEOCW You hear the rusting of a very distant drain.
Grinder comes into view.
Grinder shouts!
Grinder blinks!
Ijyb the Twisted Goblin comes into view.
She is wielding a +0 club and carrying a wand of flame (11).
Grinder moves out of view.
A frilled lizard comes into view.
Found 23 stones and a leather armour.
Ijyb shouts!
Found a stone staircase leading down.
Grinder blinks!
There is a stone staircase leading down here.
You slash the frilled lizard!
You kill the frilled lizard!
You closely miss Ijyb.
Ijyb zaps a wand.
The puff of flame hits you. Ijyb misses you.
You closely miss Ijyb. Grinder gestures at you.
You struggle to resist.
Ijyb barely misses you. Grinder gestures at you. Pain shoots through your body!
You barely miss Ijyb. You block Ijyb's attack. Grinder hits you.
You hit Ijyb but do no damage. Ijyb screams, "I dance on your bones!"
Ijyb hits you with a +0 club. Grinder hits you. Ijyb hits you with a +0 club.
You slash Ijyb!
Ijyb is heavily wounded.
Grinder completely misses you.
Ijyb screams, "It's all mine!"
You block Ijyb's attack. Grinder hits you!
* * * LOW HITPOINT WARNING * * *
You hit Ijyb.
Ijyb is heavily wounded.
Ijyb hits you with a +0 club.
* * * LOW HITPOINT WARNING * * *
Grinder barely misses you.
Ijyb zaps a wand.
The puff of flame hits you!
You die...
Your body rises from the dead as a mindless zombie.

##.[....5.. #.#
.......... #.# #
#....... #.. #
....g. #.# #.#.#
#.# #...######.#
#########..##.....#
...............g@>#
.#########.##..5..#
.# #..#####.# .#
#..# #.# .# ....
..# .# ..(.. ..# ##
....... ..# #
......###.# #


You could see Grinder and Ijyb.

Vanquished Creatures
  A dart slug (D:3)
  An orc (D:3)
  3 jackals (D:1)
  A kobold (D:1)
  A ball python (D:3)
  A bat (D:1)
  A frilled lizard (D:3)
  A rat (D:1)
  A spectral orc (D:3)
11 creatures vanquished.

Notes
Turn   | Place    | Note
-------+----------+-------------------------------------------
     0 | D:1      | BIGUP the Troll Fighter began the quest for the Orb.
     0 | D:1      | Reached XP level 1. HP: 22/22 MP: 0/0
   275 | D:3      | Reached XP level 2. HP: 29/29 MP: 1/1
   339 | D:3      | Found a basalt altar of Yredelemnul.
   347 | D:3      | Became a worshipper of Yredelemnul the Dark
   447 | D:3      | Noticed Grinder
   447 | D:3      | Noticed Ijyb
   464 | D:3      | Killed from afar by Ijyb

Illustrated notes

Levels and vault maps discovered:
D:1:      scummos_arrival_gate, layout_basic, serial_bayou, serial_bayou_pond_d,
          serial_bayou_lake_a, serial_bayou_shore_b, serial_bayou_ford_a,
          shapermc_ecumenical_altar_notcrosses
D:2:      layout_basic, uniq_sigmund
D:3:      layout_basic, yredelemnul_forgotten_temple_becter,
          gup_sewer_entry_spiral, gammafunk_ghost_necromancy, uniq_grinder,
          uniq_ijyb

Action                   || total
-------------------------++-------
Melee: Long sword        ||    36
Armor: Robe              ||    41
Dodge: Dodged            ||    47
Block: Kite shield       ||    42
